 Dungeon Crawl Stone Soup version 0.31-a0-986-g5e6e4ef867 (webtiles) character file.

Game seed: 10489337302091846170

581 gelatine the Firebug (level 7, -1/47 HPs)
             Began as a Demonspawn Fire Elementalist on Nov 7, 2023.
             Slain by a hobgoblin (2 damage)
             ... on level 4 of the Dungeon.
             The game lasted 00:08:36 (4121 turns).

gelatine the Firebug (Demonspawn Fire Elementalist) Turns: 4121, Time: 00:08:37

Health: -1/47      AC:  4    Str:  8    XL:     7   Next: 13%
Magic:  1/13       EV: 12    Int: 18    God:
Gold:   186        SH:  0    Dex: 14    Spells: 8/14 levels left

rFire   . . .        l - +1 dagger (flame)
rCold   . . .        (no shield)
rNeg    . . .        a - +0 robe
rPois   .            (no helmet)
rElec   .            (no cloak)
rCorr   .            (no gloves)
SInv    +            (no boots)
Will    .....        (no amulet)
Stlth   ++           h - ring of see invisible
HPRegen 0.27/turn    (no ring)
MPRegen 0.13/turn

%: no passive effects
@: mighty
A: claws 1, yellow scales 1, demonic guardian 1
a: no special abilities


You were on level 4 of the Dungeon.
You visited 1 branch of the dungeon, and saw 4 of its levels.

You collected 186 gold pieces.

Inventory:

Hand Weapons
 g - a +0 whip of venom
 l - a +1 dagger of flaming (weapon)
Armour
 a - a +0 robe (worn)
 e - a +0 tower shield
Jewellery
 h - a ring of see invisible (left claw)
Wands
 k - a wand of quicksilver (4)
Scrolls
 d - a scroll of teleportation {unknown}
 f - 2 scrolls of vulnerability {unknown}
 i - a scroll of amnesia {unknown}
 o - 2 scrolls of fog {unknown}
 p - a scroll of poison {unknown}
 q - a scroll of identify {unknown}
Potions
 b - 2 potions of magic
 j - a potion of enlightenment {unknown}
 m - 2 potions of mutation {unknown}
 n - a potion of haste {unknown}


   Skills:
 * Level 0.4 Fighting
 + Level 0.3 Short Blades
 + Level 0.2 Maces & Flails
 + Level 2.3 Dodging
 + Level 2.5 Stealth
 + Level 4.1 Spellcasting
 + Level 3.9 Conjurations
 + Level 4.5 Fire Magic
 * Level 0.3 Evocations


You had 8 spell levels left.
You knew the following spells:

 Your Spells              Type           Power      Damage    Failure   Level
a - Foxfire               Conj/Fire      76%        2x1d7     2%          1
b - Scorch                Fire           40%        2d6       3%          2
c - Volatile Blastmotes   Fire/Tloc      24%        2d12      17%         3

Your spell library contained the following spells:

 Spells                   Type           Power      Damage    Failure   Level
 Inner Flame              Hex/Fire       11%        N/A       17%         3
 Sublimation of Blood     Necr           3%         N/A       22%         2
 Wereblood                Tmut           3%         N/A       22%         2
 Flame Wave               Conj/Fire      19%        2d7       26%         4
 Summon Hydra             Summ           1%         N/A       100%        7


Dungeon Overview and Level Annotations

Branches:
Dungeon (4/15)
 Temple: D:4-7

Altars:
Okawaru
Uskayaw

Annotations:
D:4 Ijyb, Robin


Innate Abilities, Weirdness & Mutations

You have sharp fingernails.
You are partially covered in yellow scales. (AC +2)
A weak demonic guardian rushes to your aid.


Message History

Casting: Scorch (safe; 3% risk of failure)
Confirm with . or Enter, or press ? or * to list all spells.
You conjure some foxfire!
Your ufetubus hits Ijyb. Your ufetubus misses Ijyb.
Ijyb hits your ufetubus with a +0 club. The hobgoblin hits your ufetubus.
Your ufetubus dies!
Your ufetubus disappears in a puff of smoke!
Ijyb is no longer more vulnerable to fire.
Ijyb closely misses you.
You see here an adder corpse.
You hit Ijyb but do no damage.
Ijyb is almost dead.
Ijyb no longer looks unusually strong.
The hobgoblin hits you.
Ijyb zaps a wand.
The puff of flame misses you.
Your foxfire dissipates!
You closely miss the hobgoblin.
Robin roars a battlecry!
The goblins go into a battle-frenzy!
Your foxfire dissipates!
Robin throws Ijyb at you!
You hit the hobgoblin. You burn the hobgoblin.
The hobgoblin is severely wounded.
The hobgoblin hits you.
Ijyb zaps a wand.
The puff of flame hits you!
You barely miss the hobgoblin.
The hobgoblin is severely wounded.
The hobgoblin hits you but does no damage.
Ijyb zaps a wand.
The puff of flame hits you!
* * * LOW HITPOINT WARNING * * *
A demonic guardian appears!
The hobgoblin hits you.
* * * LOW HITPOINT WARNING * * *
The hobgoblin attacks as it pursues you!
The hobgoblin hits you.
* * * LOW HITPOINT WARNING * * *
Ijyb closely misses you.
Your quasit misses Ijyb.
Your quasit claws Ijyb but does no damage.
Your quasit misses Ijyb.
It was a potion of might.
You feel very mighty all of a sudden. The hobgoblin hits you.
You die...

######### ###
........# #...
........# #....
........# #####..#.#
........###5.......
.......g†gg.....#
......).##@....######
....?..g.g...........
.........g..##.....##
.#.#...#....[.......##
.. #†#................
. .......#..........>.
...#.####............
.).... #....<.......
...####.......).......


You could see Ijyb (strong, ally target), Robin, 4 hobgoblins and a friendly
quasit (summoned).

Vanquished Creatures
  Grinder (D:3)
  Sigmund (D:2)
  Natasha (thrice) (D:3)
  An orc wizard (D:3)
  3 adders
  2 dart slugs
  9 orcs (D:3)
  10 bats
  5 endoplasms
  5 giant cockroaches
  9 goblins
  11 hobgoblins
  2 quokkas (D:1)
  5 ball pythons
  4 frilled lizards
  5 kobolds
  4 rats
80 creatures vanquished.

Vanquished Creatures (collateral kills)
  An adder (D:4)
  A foxfire (D:4)
2 creatures vanquished.

Vanquished Creatures (others)
  186 foxfires
186 creatures vanquished.

Grand Total: 268 creatures vanquished

Notes
Turn   | Place    | Note
-------+----------+-------------------------------------------
     0 | D:1      | gelatine the Demonspawn Fire Elementalist began the quest
                  | for the Orb.
     0 | D:1      | Reached XP level 1. HP: 13/13 MP: 3/3
   289 | D:1      | Gained mutation: You have sharp fingernails. [demonic
                  | ancestry]
   289 | D:1      | Reached XP level 2. HP: 19/19 MP: 0/5
  1032 | D:1      | Reached XP level 3. HP: 24/24 MP: 3/6
  1362 | D:2      | Learned a level 2 spell: Scorch
  1741 | D:2      | Noticed Sigmund
  1746 | D:2      | Killed Sigmund
  1747 | D:2      | Gained mutation: You are partially covered in yellow
                  | scales. (AC +2) [demonic ancestry]
  1747 | D:2      | Reached XP level 4. HP: 18/30 MP: 0/8
  1747 | D:2      | Gained mutation: A weak demonic guardian rushes to your
                  | aid. [demonic ancestry]
  1747 | D:2      | Reached XP level 5. HP: 21/35 MP: 0/9
  2641 | D:3      | Noticed Natasha
  2646 | D:3      | Killed Natasha
  2647 | D:3      | Reached XP level 6. HP: 37/41 MP: 5/11
  2819 | D:3      | Noticed Natasha
  2884 | D:3      | Found an iron altar of Okawaru.
  2900 | D:3      | Killed Natasha
  2941 | D:3      | Found a hide-covered altar of Uskayaw.
  3125 | D:3      | Noticed Natasha
  3127 | D:3      | Killed Natasha
  3252 | D:3      | Noticed Grinder
  3263 | D:3      | Paralysed by Grinder for 3 turns
  3274 | D:3      | Killed Grinder
  3275 | D:3      | Reached XP level 7. HP: 19/47 MP: 0/13
  4058 | D:4      | Learned a level 3 spell: Volatile Blastmotes
  4096 | D:4      | Noticed Ijyb
  4104 | D:4      | Noticed Robin
  4120 | D:4      | HP: 2/47 [hobgoblin (6)]
  4121 | D:4      | Slain by a hobgoblin

Illustrated notes

Levels and vault maps discovered:
D:1:      amcnicky_arrival_blooded_trapdoor, layout_loops_ring
D:2:      layout_loops_ring, hangedman_decor_riveting,
          nicolae_figureground_pulse, uniq_sigmund
D:3:      layout_loops_ring, nicolae_uskayaw_suspiria,
          nicolae_overflow_crystal_walls, patterned_corridor, uniq_natasha,
          uniq_grinder
D:4:      layout_rooms, mainiacjoe_overflow_paths, nicolae_wu_jian_wuxing_cycle,
          amcnicky_mini_pool_small, minivault_23, nicolae_goblin_pals

Skill      XL: |  1  2  3  4  5  6 |
---------------+-------------------+-----
Fire Magic     | 3 4 |  4.5
Dodging        | 2 |  2.3
Stealth        | 2 |  2.5
Spellcasting   | 3 4 |  4.1
Conjurations   | 3 |  3.9
Fighting       | |  0.4
Short Blades   | |  0.3
Maces & Flails | |  0.2
Evocations     | |  0.3

Action                     |  1- 3 |  4- 6 |  7- 9 || total
---------------------------+-------+-------+-------++-------
  Melee: Unarmed           |     5 |       |       ||     5
         Whip              |    12 |       |       ||    12
         Dagger            |       |    24 |     9 ||    33
         Punch             |       |     2 |       ||     2
   Cast: Foxfire           |    66 |    41 |     9 ||   116
         Scorch            |     3 |    16 |    20 ||    39
    Use: Potion            |       |       |     1 ||     1
   Stab: Sleeping          |       |     1 |       ||     1
 Armour: Robe              |    10 |    29 |    15 ||    54
  Dodge: Dodged            |    14 |    18 |    10 ||    42

Table legend: (Time is in decaauts)
 A = Elapsed time spent in this place.
 B = Non-inter-level travel time spent in this place.
 C = Inter-level travel time spent in this place.
 D = Time resting spent in this place.
 E = Time spent auto-exploring this place.
 F = Levels seen in this place.
 G = Mean time per level.
                   A        B        C        D        E       F      G
               +--------+--------+--------+--------+--------+-----+--------+
         Total |   4119 |   4048 |     71 |      0 |   3501 |   4 | 1029.8 |
       Dungeon |   4119 |   4048 |     71 |      0 |   3501 |   4 | 1029.8 |
               +--------+--------+--------+--------+--------+-----+--------+

Top non-repeatable levels by time:
     D:3: 1652 daAuts
     D:1: 1358 daAuts
     D:2: 1039 daAuts
     D:4: 69 daAuts
